 Dungeon Crawl Stone Soup version 0.28-a0-1447-ga5a8893891 (webtiles) character file.

Game seed: 14855232853028901543

259 oldriver the Skirmisher (level 6, -3/43 (51) HPs)
             Began as a Formicid Chaos Knight on Jan 11, 2022.
             Was a Plaything of Xom.
             Slain by an orc (5 damage)
             ... on level 4 of the Dungeon.
             The game lasted 00:03:40 (3843 turns).

oldriver the Skirmisher (Formicid Chaos Knight)     Turns: 3843, Time: 00:03:41

HP:   -3/43 (51)    AC:  7    Str: 15      XL:     6   Next: 40%
MP:   6/6           EV: 11    Int: 11      God:    Xom [.*....]
Gold: 1073          SH:  0    Dex:  9 (10) Spells: 5/5 levels left

rFire   + . .      SeeInvis +   a - +1 hand axe (chaos)
rCold   . . .      Faith    .   (no shield)
rNeg    . . .      Spirit   .   b - +2 leather armour
rPois   .          Reflect  .   (helmet unavailable)
rElec   .          Harm     .   h - +0 cloak
rCorr   .          Rampage  .   (no gloves)
Will    .....                   k - +0 pair of boots
Stlth   ..........              (no amulet)
HPRegen 0.14/turn               f - ring of protection from fire
MPRegen 0.10/turn               (no ring)

@: confused, heavily drained
A: permanent stasis, dig shafts and tunnels, antennae 3, four strong arms,
mutation resistance 1, weak 2
a: Dig, Shaft Self, Renounce Religion


You were on level 4 of the Dungeon.
You worshipped Xom.
You were a plaything of Xom.
You visited 1 branch of the dungeon, and saw 4 of its levels.

You collected 1073 gold pieces.

Inventory:

Hand Weapons
 a - a +1 hand axe of chaos (weapon)
 m - a +2 flail of draining
Missiles
 j - 4 atropa-tipped darts
 o - a throwing net
Armour
 b - a +2 leather armour (worn)
 h - a +0 cloak (worn)
 i - a +0 chain mail
 k - a +0 pair of boots (worn)
Jewellery
 f - a ring of protection from fire (left hand)
Wands
 c - a wand of flame (28)
Scrolls
 d - 2 scrolls of identify
 e - a scroll of teleportation {unknown}
 n - a scroll of enchant armour {unknown}
Potions
 g - a potion of cancellation
Miscellaneous
 l - a piece from Xom's chessboard (15/15)


   Skills:
 + Level 5.4 Fighting
 + Level 4.9 Axes
 + Level 3.1 Armour
 - Level 0.8 Dodging


You had 5 spell levels left.
You didn't know any spells.
Your spell library contained the following spells:

 Spells                   Type           Power      Damage    Failure   Level
 Blade Hands              Tmut           0%         N/A       100%        5
 Irradiate                Conj/Tmut      0%         3d14      100%        5
 Dragon Form              Tmut           0%         N/A       100%        7


Dungeon Overview and Level Annotations

Branches:
Dungeon (4/15)
 Temple: D:4-7

Altars:
Nemelex Xobeh
Xom


Innate Abilities, Weirdness & Mutations

You cannot be hasted, slowed, berserked, paralysed or teleported.
You can dig through walls and to a lower floor.
You have a pair of large antennae on your head. (SInv)
Your four strong arms can wield two-handed weapons with a shield.
You are somewhat resistant to further mutation.
You are very weak. (Str -4)


Message History

The orc wizard hits you but does no damage.
The orc priest invokes the aid of Beogh against you.
Beogh smites you!
A shower of butterflies erupts from you!
The orc barely misses you.
Are you sure you want to stumble around while confused and next to your butterfly? [Y]es or [N]o only, please.
Are you sure you want to stumble around while confused and next to your butterfly?
Okay, then.
Unknown command.
Are you sure you want to stumble around while confused and next to your butterfly?
You completely miss the orc wizard.
The orc wizard is severely wounded.
You hit the orc but do no damage.
You hit the orc priest but do no damage.
The orc wizard closely misses you.
The orc priest hits you with a +0 flail.
The orc hits you with a +0 short sword!
* * * LOW HITPOINT WARNING * * *
Are you sure you want to stumble around while confused and next to your butterfly?
You bump into the rock wall.
The orc wizard hits you with a +0 dagger.
* * * LOW HITPOINT WARNING * * *
The orc priest barely misses you. The orc hits you with a +0 short sword.
* * * LOW HITPOINT WARNING * * *
Unknown command.
Okay, then.
Are you sure you want to stumble around while confused and next to your butterfly?
You bump into the rock wall.
The orc wizard gestures at you while chanting.
The magic dart hits you.
* * * LOW HITPOINT WARNING * * *
The orc priest calls upon Beogh to heal the orc wizard.
The orc wizard is healed somewhat.
The orc misses you.
Unknown command.
Are you sure you want to stumble around while confused and next to your butterfly?
You're too confused to move!
The orc wizard barely misses you. The orc priest closely misses you.
The orc hits you with a +0 short sword.
You die...
Xom cackles wildly!

#. #.# ##. #.# #.. ##+#
... #.# #...# #.# #..
.....# ####.# ##.
...b..# ##.##.# #.
......o####...#.########
...b.go@bb..............
....b.o####...#.########
......# ##.##.# ...[.#
####.# #...# #.# # ##+#
..# # .## # . # #. #


You could see an orc priest (ally target), an orc wizard (poisoned), an orc
(strong) and a hobgoblin.

Vanquished Creatures
  A gnoll shaman (D:4)
  A hound (D:4)
  Crazy Yiuf (D:3)
  Natasha (twice) (D:2)
  2 adders
  4 gnolls (D:4)
  2 worms (D:3)
  2 dart slugs
  An orc (D:3)
  5 ball pythons
  7 endoplasms
  4 giant cockroaches (D:2)
  2 goblins
  8 hobgoblins
  4 jackals (D:1)
  2 quokkas
  5 bats
  2 frilled lizards
  6 kobolds
  3 rats
64 creatures vanquished.

Notes
Turn   | Place    | Note
-------+----------+-------------------------------------------
     0 | D:1      | oldriver the Formicid Chaos Knight began the quest for the
                  | Orb.
     0 | D:1      | Reached XP level 1. HP: 18/18 MP: 1/1
   167 | D:1      | Reached XP level 2. HP: 24/24 MP: 2/2
   206 | D:1      | Found a faded altar of an unknown god.
   533 | D:1      | XOM: stat loss: -1 Str (15/16)
   562 | D:1      | Reached XP level 3. HP: 30/30 MP: 3/3
   794 | D:2      | Reached skill level 4 in Fighting
   883 | D:2      | XOM: scenery: create altars
   931 | D:2      | XOM: god gift: 4 atropa-tipped darts
  1182 | D:2      | Noticed Natasha
  1197 | D:2      | Killed Natasha
  1198 | D:2      | Reached XP level 4. HP: 15/38 MP: 4/4
  1204 | D:2      | Noticed Natasha
  1221 | D:2      | Killed Natasha
  1297 | D:2      | XOM: god gift: piece from Xom's chessboard (15/15)
  1534 | D:2      | XOM: god gift: 921 gold pieces
  1643 | D:2      | Reached XP level 5. HP: 38/43 MP: 5/5
  1866 | D:3      | Found a sparkling altar of Nemelex Xobeh.
  1979 | D:3      | Reached skill level 5 in Fighting
  2186 | D:3      | XOM: give mutations
  2186 | D:3      | Gained mutation: You are somewhat resistant to further
                  | mutation. [Xom's mischief]
  2186 | D:3      | Gained mutation: You are weak. (Str -2) [Xom's mischief]
  2543 | D:3      | Found a runed translucent door.
  2544 | D:3      | Noticed Crazy Yiuf
  2676 | D:3      | XOM: summons 4 hostile shadow creatures
  2895 | D:3      | Killed Crazy Yiuf
  3216 | D:4      | Reached XP level 6. HP: 50/51 MP: 6/6
  3397 | D:4      | XOM: noise
  3399 | D:4      | XOM: smoke on damage
  3459 | D:3      | XOM: stat loss: -1 Dex (9/10)
  3668 | D:4      | XOM: give mutation
  3668 | D:4      | Gained mutation: You are very weak. (Str -4) [Xom's
                  | mischief]
  3676 | D:4      | XOM: draining
  3838 | D:4      | XOM: confusion
  3839 | D:4      | XOM: butterfly on damage
  3842 | D:4      | HP: 2/43 [orc wizard/magic dart (2)]
  3843 | D:4      | Slain by an orc

Illustrated notes

Levels and vault maps discovered:
D:1:      tarquinn_simple_flora_water_c, layout_loops_ring,
          ebering_ecumenical_altar_mist
D:2:      layout_basic, grunt_ministairs_3, kennysheep_generic_room_5,
          uniq_natasha
D:3:      layout_basic, mainiacjoe_overflow_surrounded_room,
          uniq_crazy_yiuf_cottage
D:4:      layout_loops_corners, mainiacjoe_overflow_paths,
          minmay_temple_entry_mist

Skill      XL: |  1  2  3  4  5  6 |
---------------+-------------------+-----
Fighting       | 4 5 |  5.4
Axes           | 4 |  4.9
Armour         | 3 |  3.1
Dodging        | |  0.8

Action                   |  1- 3 |  4- 6 || total
-------------------------+-------+-------++-------
Melee: Hand axe          |    81 |   128 ||   209
       Punch             |     1 |       ||     1
  Use: Scroll            |       |     3 ||     3
       Potion            |       |     3 ||     3
 Stab: Petrified         |       |     3 ||     3
       Petrifying        |       |     1 ||     1
       Confused          |       |     1 ||     1
Armor: Leather armour    |    28 |    43 ||    71
Dodge: Dodged            |    48 |    68 ||   116

Table legend: (Time is in decaauts)
 A = Elapsed time spent in this place.
 B = Non-inter-level travel time spent in this place.
 C = Inter-level travel time spent in this place.
 D = Time resting spent in this place.
 E = Time spent auto-exploring this place.
 F = Levels seen in this place.
 G = Mean time per level.
                   A        B        C        D        E       F      G
               +--------+--------+--------+--------+--------+-----+--------+
         Total |   3863 |   3696 |    167 |    419 |   2700 |   4 |  965.8 |
       Dungeon |   3863 |   3696 |    167 |    419 |   2700 |   4 |  965.8 |
               +--------+--------+--------+--------+--------+-----+--------+

Top non-repeatable levels by time:
     D:3: 1464 daAuts
     D:2: 1164 daAuts
     D:1: 793 daAuts
     D:4: 442 daAuts
